AoeStats
← Tom Bombadil's Chode

Arabian Desert

510139873Analyzed
1v1 RM · 3d ago on Sep 29, 2026· 28m 52s· 2 players
Game mode
Random Map
Map size
Tiny (2 player)
Population
200
Speed
Normal
Resources
Standard
Victory
Conquest
Starting age
Dark Age
Ending age
Imperial Age
RankedLock teamsTeams togetherTeam positionsShared explorationLock speedFull tech treeHidden civsTurbo modeCheats
Victory
Defeat
🇬🇧 Berbers · United Kingdom
1441
+16
🇮🇳 Teutons · India
1431
-16
[HVN] RaoTheRuthless
6:31 Loom
9:21 Feudal Age
9:55 Double-Bit Axe
12:42 Horse Collar
19:03 Fletching
20:05 Gold Mining
20:49 Forging
23:38 Castle Age
21:56 Scale Mail Armor
22:31 Bloodlines
23:42 Pikeman
24:24 Squires
24:40 Chain Mail Armor
24:59 Bow Saw
24:50 Heavy Plow
27:32 Iron Casting
Tom Bombadil's Chode
6:09 Loom
9:14 Feudal Age
9:41 Double-Bit Axe
20:03 Castle Age
18:49 Bloodlines
19:43 Horse Collar
20:11 Scale Barding Armor
20:37 Forging
22:24 Husbandry
27:04 Iron Casting
28:49 Wheelbarrow
27:59 Town Watch
28:19 Fletching
Connection lost

Rejoining the realm…

Still unreachable

The connection could not be restored.

Session expired

The server has moved on; the page needs a fresh start.